 Dungeon Crawl Stone Soup version 0.30.0-5-g1a98f26d00 (webtiles) character file.

Game seed: 4110233174600403971

81 RascalDebosk the Magician (level 4, -1/31 HPs)
             Began as a Djinni Earth Elementalist on May 11, 2023.
             Slain by Grinder (6 damage)
             ... on level 3 of the Dungeon on May 12, 2023.
             The game lasted 00:17:48 (1776 turns).

RascalDebosk the Magician (DjEE)                    Turns: 1776, Time: 00:17:48

Health: -1/31      AC:  8    Str:  7    XL:     4   Next: 68%
Gold:   79         EV: 10    Int: 25    God:
                   SH:  0    Dex: 13

rFire   + + .        e - +0 short sword
rCold   x . .        (no shield)
rNeg    . . .        h - +0 ring mail
rPois   ∞            (no helmet)
rElec   .            (no cloak)
rCorr   .            v - +2 pair of gloves
SInv    .            (boots unavailable)
Will    .....        (no amulet)
Stlth   +            u - +6 ring of intelligence
HPRegen 0.25/turn    (no ring)
MPRegen 0.00/turn

%: infuse magic (-2 HP)
@: flying, very slightly contaminated
A: sickness immunity, fire resistance 2, cold vulnerability 1, float, innate
caster, HP casting, extra vitality 1
a: no special abilities


You were on level 3 of the Dungeon.
You visited 1 branch of the dungeon, and saw 3 of its levels.

You collected 79 gold pieces.

Inventory:

Hand Weapons
 e - a +0 short sword (weapon)
Armour
 a - a +0 robe
 h - a +0 ring mail (worn)
 v - a +2 pair of gloves (worn)
Jewellery
 i - a ring of protection from fire
 u - a +6 ring of intelligence (left hand)
Scrolls
 c - a scroll of enchant armour {unknown}
 d - 2 scrolls of vulnerability {unknown}
 g - a scroll of fear {unknown}
 j - 2 scrolls of teleportation {unknown}
 l - a scroll of poison {unknown}
 m - a scroll of immolation {unknown}
 n - a scroll of fog {unknown}
 o - 3 scrolls of torment {unknown}
 p - a scroll of identify {unknown}
 q - a scroll of blinking {unknown}
 t - a scroll of noise {unknown}
 y - a scroll of silence {unknown}
Potions
 b - a potion of degeneration {unknown}
 f - a potion of attraction {unknown}
 k - a potion of invisibility {unknown}
 r - 2 potions of curing {unknown}
 s - 2 potions of berserk rage {unknown}
 w - a potion of ambrosia {unknown}
 x - a potion of brilliance {unknown}
 z - a potion of haste {unknown}


   Skills:
 * Level 0.1 Fighting
 + Level 0.0 Armour
 - Level 2.1 Dodging
 - Level 1.5 Stealth
 * Level 4.0 Spellcasting
 + Level 0.0 Evocations


You knew the following spells:

 Your Spells              Type           Power      Damage    Failure   Level
a - Sandblast             Erth           50%        2d12      6%          1
b - Passwall              Tmut/Erth      20%        N/A       10%         2
c - Stone Arrow           Conj/Erth      50%        3d10      19%         3
d - Petrify               Tmut/Erth      25%        N/A       52%         4
e - Apportation           Tloc           50%        N/A       6%          1
Your spell library was empty.

Dungeon Overview and Level Annotations

Branches:
Dungeon (3/15)

Altars:
Cheibriados

Annotations:
D:3 Grinder


Innate Abilities, Weirdness & Mutations

You are immune to sickness and miasma.
You are immune to poison.
Your flesh is very heat resistant. (rF++)
You are vulnerable to cold. (rC-)
You float through the air rather than walking.
You learn spells naturally, not from books.
Your magical power is your life essence.
You have superior vitality. (+4 MHP)


Message History

A bat comes into view.
Cast which spell? (? or * to list)
Aiming: Sandblast (safe; 6% risk of failure)
Press: ? - help, Shift-Dir - straight line, f - bat
Aim: a bat (74% to hit)
The blast of sand hits the bat!
You kill the bat!
HP restored.
There is a faded altar of an unknown god here.
You see here a +0 club.
Done exploring.
Done exploring.
Done exploring.
There is a stone staircase leading down here.
Done exploring.
Done exploring.
There is a stone staircase leading down here.
You fly downwards.
Found a white potion.
There is a stone staircase leading up here.
x - a white potion
Found a hand axe.
Found a spear.
You see here a +0 spear.
y - a scroll labelled TOINAEVV MIYD
z - a fizzy puce potion Grinder comes into view.
Grinder shouts!
Casting: Sandblast (safe; 6% risk of failure)
Confirm with . or Enter, or press ? or * to list all spells.
The spell is astonishingly dangerous to miscast (52% risk of failure)!
Continue anyway?
Aiming: Petrify (astonishingly dangerous; 52% risk of failure)
Press: ? - help, Shift-Dir - straight line, f - Grinder
Aim: Grinder (chance to affect: 56%) Grinder resists with significant effort.
Casting: Petrify (astonishingly dangerous; 52% risk of failure)
Confirm with . or Enter, or press ? or * to list all spells.
The spell is astonishingly dangerous to miscast (52% risk of failure)!
Continue anyway?
Aiming: Petrify (astonishingly dangerous; 52% risk of failure)
Press: ? - help, Shift-Dir - straight line, f/p - Grinder
Aim: Grinder (chance to affect: 56%) Grinder resists with significant effort.
Casting: Petrify (astonishingly dangerous; 52% risk of failure)
Confirm with . or Enter, or press ? or * to list all spells.
The spell is quite dangerous to miscast (19% risk of failure)!
Continue anyway?
Aiming: Stone Arrow (quite dangerous; 19% risk of failure)
Press: ? - help, Shift-Dir - straight line, f/p - Grinder
Aim: Grinder (68% to hit)
You miscast Stone Arrow.
You are very lightly contaminated with residual magic.
Nothing appears to happen.
Grinder gestures at you. Pain shoots through your body!
Casting: Stone Arrow (quite dangerous; 19% risk of failure)
Confirm with . or Enter, or press ? or * to list all spells.
The spell is quite dangerous to miscast (19% risk of failure)!
Continue anyway?
Aiming: Stone Arrow (quite dangerous; 19% risk of failure)
Press: ? - help, Shift-Dir - straight line, f/p - Grinder
Aim: Grinder (68% to hit)
The stone arrow hits Grinder!
Grinder is moderately wounded.
* * * LOW HITPOINT WARNING * * *
Casting: Stone Arrow (quite dangerous; 19% risk of failure)
Confirm with . or Enter, or press ? or * to list all spells.
The spell is quite dangerous to miscast (19% risk of failure)!
Continue anyway?
Aiming: Stone Arrow (quite dangerous; 19% risk of failure)
Press: ? - help, Shift-Dir - straight line, f/p - Grinder
Aim: Grinder (moderately wounded, 68% to hit)
You miscast Stone Arrow.
Nothing appears to happen.
* * * LOW HITPOINT WARNING * * *
Casting: Stone Arrow (quite dangerous; 19% risk of failure)
Confirm with . or Enter, or press ? or * to list all spells.
The spell is quite dangerous to miscast (19% risk of failure)!
Continue anyway?
Aiming: Stone Arrow (quite dangerous; 19% risk of failure)
Press: ? - help, Shift-Dir - straight line, f/p - Grinder
Aim: Grinder (moderately wounded, 68% to hit)
The stone arrow hits Grinder!!
Grinder is severely wounded.
* * * LOW HITPOINT WARNING * * *
Casting: Stone Arrow (quite dangerous; 19% risk of failure)
Confirm with . or Enter, or press ? or * to list all spells.
The spell is quite dangerous to miscast (19% risk of failure)!
Continue anyway?
Aiming: Stone Arrow (quite dangerous; 19% risk of failure)
Press: ? - help, Shift-Dir - straight line, f/p - Grinder
Aim: Grinder (severely wounded, 68% to hit)
The stone arrow misses Grinder.
* * * LOW HITPOINT WARNING * * *
Grinder says, "Tell me all your secrets, or I'll kill you."
Grinder hits you but does no damage.
Casting: Stone Arrow (quite dangerous; 19% risk of failure)
Confirm with . or Enter, or press ? or * to list all spells.
The spell is quite dangerous to miscast (19% risk of failure)!
Continue anyway?
Aiming: Stone Arrow (quite dangerous; 19% risk of failure)
Press: ? - help, Shift-Dir - straight line, f/p - Grinder
Aim: Grinder (severely wounded, 68% to hit)
The stone arrow hits Grinder.
Grinder is almost dead.
* * * LOW HITPOINT WARNING * * *
Grinder hits you.
You die...

#.....#######.#
####.....####
#...........#
#.##.....##.#
#...........# #
#.##..........
.###.##.##.#.###..##
...........#.# ..#
##..5@.....# .#
####.###### # #.#
#.# #". #.. ###


You could see Grinder.

Vanquished Creatures
  2 adders (D:2)
  A worm (D:2)
  3 dart slugs
  An orc (D:2)
  8 bats
  5 endoplasms
  5 goblins
  5 hobgoblins
  2 jackals (D:2)
  4 kobolds
  A quokka (D:1)
  9 ball pythons
  3 frilled lizards (D:1)
  3 rats
52 creatures vanquished.

Notes
Turn   | Place    | Note
-------+----------+-------------------------------------------
     0 | D:1      | RascalDebosk the Djinni Earth Elementalist began the quest
                  | for the Orb.
     0 | D:1      | RascalDebosk set off with the following spells memorised:
                  | Sandblast, Passwall, Stone Arrow, Petrify.
     0 | D:1      | Reached XP level 1. HP: 15/15 MP: 0/0
    51 | D:1      | Reached XP level 2. HP: 21/21 MP: 0/0
   198 | D:1      | Reached skill level 3 in Spellcasting
   462 | D:1      | Reached XP level 3. HP: 23/25 MP: 0/0
   462 | D:1      | Learned a level 1 spell: Apportation
  1022 | D:2      | Found a snail-covered altar of Cheibriados.
  1168 | D:2      | Reached XP level 4. HP: 30/31 MP: 0/0
  1188 | D:2      | Found a faded altar of an unknown god.
  1508 | D:2      | Reached skill level 4 in Spellcasting
  1768 | D:3      | Noticed Grinder
  1776 | D:3      | Slain by Grinder

Illustrated notes

Levels and vault maps discovered:
D:1:      lemuel_arrival_rhombus, layout_basic, minmay_close_crescents
D:2:      layout_loops_ring, basic_altar, chequers_ecumenical_altar_simple
D:3:      layout_loops_ring, mainiacjoe_overflow_alcove_4, uniq_grinder

Skill      XL: |  1  2  3  4 |
---------------+-------------+-----
Spellcasting   | 3 4 |  4.0
Fighting       | |  0.1
Dodging        | |  2.1
Stealth        | |  1.5

Action                     |  1- 3 |  4- 6 || total
---------------------------+-------+-------++-------
  Melee: Short sword       |       |     1 ||     1
   Cast: Sandblast         |    53 |    24 ||    77
         Stone Arrow       |       |     4 ||     4
         Petrify           |       |     2 ||     2
 Armour: Robe              |     1 |     2 ||     3
         Ring mail         |       |     1 ||     1
  Dodge: Dodged            |     9 |     9 ||    18
